 Dungeon Crawl Stone Soup version 0.30-a0-778-g2ef04afb54 (webtiles) character file.

Game seed: 5482870302531243636

30 Pimp the Slasher (level 3, -1/27 HPs)
             Began as a Demonspawn Reaver on Feb 16, 2023.
             Slain by a kobold
             ... wielding a +0 short sword
              (2 damage)
             ... on level 2 of the Dungeon.
             The game lasted 00:01:59 (685 turns).

Pimp the Slasher (Demonspawn Reaver)                 Turns: 685, Time: 00:02:00

Health: -1/27      AC:  4    Str: 18    XL:     3   Next: 3%
Magic:  6/6        EV: 11    Int: 13    God:
Gold:   164        SH:  0    Dex: 10    Spells: 5/6 levels left

rFire   . . .      SeeInvis .    l - +0 long sword
rCold   . . .      Faith    .    (no shield)
rNeg    . . .      Spirit   .    b - +0 leather armour
rPois   .          Reflect  .    (no helmet)
rElec   .          Harm     .    (no cloak)
rCorr   .          Rampage  .    (no gloves)
Will    .....                    (no boots)
Stlth   +                        (no amulet)
HPRegen 0.24/turn                (no ring)
MPRegen 0.10/turn                (no ring)

@: no status effects
A: powered by pain 1, sharp scales 1, claws 1, hooves 1, strong 1
a: no special abilities


You were on level 2 of the Dungeon.
You visited 1 branch of the dungeon, and saw 2 of its levels.

You collected 164 gold pieces.

Inventory:

Hand Weapons
 a - a +0 falchion
 l - a +0 long sword (weapon)
Missiles
 g - 2 boomerangs
 i - 6 poisoned darts
Armour
 b - a +0 leather armour (worn)
Scrolls
 d - a scroll of fog {unknown}
 h - a scroll of amnesia {unknown}
 k - a scroll of identify {unknown}
Potions
 c - a potion of mutation
 e - a potion of might {unknown}
 j - a potion of magic {unknown}


   Skills:
 + Level 2.0 Fighting
 + Level 3.5 Long Blades
 + Level 0.1 Armour
 + Level 1.8 Dodging
 + Level 2.0 Spellcasting
 + Level 3.1 Conjurations


You had 5 spell levels left.
You knew the following spells:

 Your Spells              Type           Power      Damage    Failure   Level
a - Kiss of Death         Conj/Necr      20%        2d7       16%         1

Your spell library contained the following spells:

 Spells                   Type           Power      Damage    Failure   Level
 Momentum Strike          Conj/Tloc      10%        3d8       24%         2
 Hailstorm                Conj/Ice       5%         3d4       43%         3


Dungeon Overview and Level Annotations

Branches:
Dungeon (2/15)

Altars:


Innate Abilities, Weirdness & Mutations

You sometimes gain a little power by taking damage.
You are partially covered in razor-sharp scales. (AC +1, Slay +1)
You have sharp fingernails.
You have large cloven feet.
Your muscles are strong. (Str +4, Int/Dex -1)


Message History

The slug dart hits you.
* * * LOW HITPOINT WARNING * * *
The kobold throws a stone.
The stone misses you.
An adder comes into view.
The adder hisses angrily.
The kobold throws a stone.
The stone misses you.
The stone hits the dart slug but does no damage.
It was a potion of mutation.
You feel extremely strange.
You feel stronger.
Your fingernails lengthen.
Your feet thicken and deform.
The dart slug bites you but does no damage.
It was a potion of curing.
You feel better.
The dart slug briefly extends its eye-stalks.
The dart slug launches a dart at you. The slug dart hits you.
You feel better.
The kobold hits you with a +0 short sword.
The dart slug launches a dart at you. The slug dart hits you.
You closely miss the kobold. The kobold closely misses you.
The dart slug launches a dart at you. The slug dart misses you.
You slash the kobold!
You kill the kobold!
The worm bites you!
* * * LOW HITPOINT WARNING * * *
Things that are here:
a +0 short sword; 4 stones You barely miss the worm.
You kick the worm.
The worm is lightly wounded.
The dart slug bites you but does no damage.
The worm barely misses you.
You slash the worm!
The worm is heavily wounded.
The dart slug bites you.
* * * LOW HITPOINT WARNING * * *
The worm bites you!
* * * LOW HITPOINT WARNING * * *
You completely miss the kobold.
The kobold hits you with a +0 short sword.
You die...

#... #... ...
#.. ##.. #..
#S# ###w#
###@).# ...
#.Kw### ...
.# #.#...#
#.# #.#
#...#.### #.#
#^g.
#..##...# #.#
....# #..
###.#
#$##.#... #..
#.###........
#.. #.......#
...
##...#.###


You could see a worm, a dart slug and a kobold.

Vanquished Creatures
  An adder (D:2)
  2 dart slugs (D:1)
  An endoplasm (D:1)
  2 goblins (D:2)
  2 hobgoblins
  A kobold (D:2)
  3 ball pythons
  3 bats
  A frilled lizard (D:1)
  2 rats (D:1)
18 creatures vanquished.

Vanquished Creatures (others)
  5 toadstools (D:1)
5 creatures vanquished.

Grand Total: 23 creatures vanquished

Notes
Turn   | Place    | Note
-------+----------+-------------------------------------------
     0 | D:1      | Pimp the Demonspawn Reaver began the quest for the Orb.
     0 | D:1      | Reached XP level 1. HP: 16/16 MP: 3/3
    91 | D:1      | Gained mutation: You are partially covered in razor-sharp
                  | scales. (AC +1, Slay +1) [demonic ancestry]
    91 | D:1      | Reached XP level 2. HP: 18/22 MP: 5/5
   656 | D:2      | Gained mutation: You sometimes gain a little power by
                  | taking damage. [demonic ancestry]
   656 | D:2      | Reached XP level 3. HP: 6/27 MP: 6/6
   676 | D:2      | Gained mutation: Your muscles are strong. (Str +4, Int/Dex
                  | -1) [potion of mutation]
   676 | D:2      | Gained mutation: You have sharp fingernails. [potion of
                  | mutation]
   676 | D:2      | Gained mutation: You have large cloven feet. [potion of
                  | mutation]
   684 | D:2      | HP: 1/27 [worm (7)]
   685 | D:2      | Slain by a kobold

Illustrated notes

Levels and vault maps discovered:
D:1:      wander_arrival_lonely_grave, layout_basic, minmay_misc_feat_five,
          minmay_gold_behind_fungi
D:2:      cheibrodos_pilgrimage, layout_rooms, uniq_sigmund

Skill      XL: |  1 |
---------------+----+-----
Long Blades    | 3 |  3.5
Fighting       | |  2.0
Armour         | |  0.1
Dodging        | |  1.8
Spellcasting   | |  2.0
Conjurations   | |  3.1

Action                     || total
---------------------------++-------
  Melee: Falchion          ||    34
         Long sword        ||    21
         Kick              ||     1
    Use: Potion            ||     3
 Armour: Leather armour    ||    36
  Dodge: Dodged            ||    26

Table legend: (Time is in decaauts)
 A = Elapsed time spent in this place.
 B = Non-inter-level travel time spent in this place.
 C = Inter-level travel time spent in this place.
 D = Time resting spent in this place.
 E = Time spent auto-exploring this place.
 F = Levels seen in this place.
 G = Mean time per level.
                   A        B        C        D        E       F      G
               +--------+--------+--------+--------+--------+-----+--------+
         Total |    693 |    634 |     59 |      0 |    440 |   2 |  346.5 |
       Dungeon |    693 |    634 |     59 |      0 |    440 |   2 |  346.5 |
               +--------+--------+--------+--------+--------+-----+--------+

Top non-repeatable levels by time:
     D:1: 550 daAuts
     D:2: 143 daAuts
